 Dungeon Crawl Stone Soup version 0.29.1-15-g9cfb28693d (webtiles) character file.

Game seed: 7126243340887897892

49 EarthwalkerPL the Shield-Bearer (level 4, -7/37 HPs)
             Began as a Formicid Fighter on Feb 26, 2023.
             Mangled by a gnoll
             ... wielding a +1 whip of holy wrath
              (8 damage)
             ... on level 2 of the Dungeon.
             The game lasted 00:02:09 (1106 turns).

EarthwalkerPL the Shield-Bearer (Formicid Fighter)  Turns: 1106, Time: 00:02:09

Health: -7/37      AC:  7    Str: 23    XL:     4   Next: 2%
Magic:  4/4        EV:  9    Int:  7    God:
Gold:   122        SH:  5    Dex: 13    Spells: 3/3 levels left

rFire   . . .      SeeInvis +   a - +0 war axe
rCold   . . .      Faith    .   c - +0 buckler
rNeg    . . .      Spirit   .   b - +0 scale mail
rPois   .          Reflect  .   (helmet unavailable)
rElec   .          Harm     .   (no cloak)
rCorr   .          Rampage  .   (no gloves)
Will    .....                   (no boots)
Stlth   ..........              (no amulet)
HPRegen 0.12/turn               (no ring)
MPRegen 0.09/turn               (no ring)

@: no status effects
A: permanent stasis, dig shafts and tunnels, antennae 3, four strong arms
a: Dig, Shaft Self


You were on level 2 of the Dungeon.
You visited 1 branch of the dungeon, and saw 2 of its levels.

You collected 122 gold pieces.

Inventory:

Hand Weapons
 a - a +0 war axe (weapon)
Armour
 b - a +0 scale mail (worn)
 c - a +0 buckler (worn)
Scrolls
 e - a scroll of noise {unknown}
 g - a scroll of enchant weapon {unknown}
 h - 2 scrolls of teleportation {unknown}
 i - a scroll of enchant armour {unknown}
Potions
 d - 2 potions of might
 f - a potion of ambrosia {unknown}
 j - a potion of brilliance {unknown}
 k - a potion of curing {unknown}


   Skills:
 * Level 3.9 Fighting
 * Level 2.7 Axes
 * Level 3.9 Armour
 + Level 4.2 Shields


You had 3 spell levels left.
You didn't know any spells.
Your spell library was empty.

Dungeon Overview and Level Annotations

Branches:
Dungeon (2/15)

Altars:


Innate Abilities, Weirdness & Mutations

You cannot be hasted, slowed, berserked, paralysed or teleported.
You can dig through walls and to a lower floor.
You have a pair of large antennae on your head. (SInv)
Your four strong arms can wield two-handed weapons with a shield.


Message History

The gnoll closely misses you. The gnoll hits you with a +0 whip.
The gnoll hits you with a +1 whip of holy wrath.
You are too injured to fight recklessly!
You are too injured to fight recklessly!
Unknown command.
You barely miss the gnoll.
The gnoll is heavily wounded.
You barely miss the gnoll. The gnoll hits you with a +0 whip.
* * * LOW HITPOINT WARNING * * *
You block the gnoll's attack.
You barely miss the gnoll.
The gnoll is heavily wounded.
You hit the gnoll. You block the gnoll's attack. The gnoll barely misses you.
The gnoll closely misses you. You block the gnoll's attack.
You closely miss the gnoll.
The gnoll is heavily wounded.
You barely miss the gnoll. The gnoll hits you but does no damage.
You block the gnoll's attack.
You closely miss the gnoll.
The gnoll is heavily wounded.
You closely miss the gnoll. You block the gnoll's attack.
The gnoll hits you with a +1 whip of holy wrath.
* * * LOW HITPOINT WARNING * * *
The gnoll closely misses you. The gnoll barely misses you.
You closely miss the gnoll.
The gnoll is heavily wounded.
You hit the gnoll.
You kill the gnoll!
You hear a shout!
A gnoll comes into view. It is wielding a +0 halberd.
You block the gnoll's attack.
You have reached level 4!
You feel stronger. The gnoll attacks as you move away!
The gnoll barely misses you. The gnoll attacks as you move away!
The gnoll hits you with a +1 whip of holy wrath.
* * * LOW HITPOINT WARNING * * *
The gnoll attacks as you move away!
The gnoll hits you with a +1 whip of holy wrath!
You die...

#######
#######......
####....#.[#####
.########†........##
.........†#####..##
###......## ##.#
#########@.# #...
........g..####
###.#
###.....##....# .#
#.###.{)###.# # ..
###g# .. # ...# ..
.....# . ....#.#
.g...#.#


You could see a gnoll.

Vanquished Creatures
  A gnoll (D:2)
  A dart slug (D:1)
  4 orcs (D:2)
  5 giant cockroaches
  A goblin (D:2)
  2 hobgoblins
  5 jackals (D:1)
  A quokka (D:2)
  A ball python (D:2)
  4 bats
  3 frilled lizards
  3 kobolds (D:1)
  A rat (D:1)
32 creatures vanquished.

Vanquished Creatures (others)
  A plant (D:2)
1 creature vanquished.

Grand Total: 33 creatures vanquished

Notes
Turn   | Place    | Note
-------+----------+-------------------------------------------
     0 | D:1      | EarthwalkerPL the Formicid Fighter began the quest for the
                  | Orb.
     0 | D:1      | Reached XP level 1. HP: 18/18 MP: 1/1
   330 | D:1      | Reached XP level 2. HP: 24/24 MP: 2/2
   624 | D:1      | Reached XP level 3. HP: 27/29 MP: 3/3
  1103 | D:2      | Reached XP level 4. HP: 3/37 MP: 4/4
  1105 | D:2      | HP: 1/37 [gnoll/+1 whip of holy wrath (2)]
  1106 | D:2      | Mangled by a gnoll

Illustrated notes

Levels and vault maps discovered:
D:1:      dpeg_arrival_rhombi, layout_loops_ring, chequers_jeans
D:2:      layout_rooms, shapermc_ecumenical_altar_mp_urbaneastern

Action                   |  1- 3 |  4- 6 || total
-------------------------+-------+-------++-------
Melee: War axe           |    88 |       ||    88
Armor: Scale mail        |    39 |       ||    39
Dodge: Dodged            |    47 |     1 ||    48
Block: Buckler           |    24 |       ||    24
